 Dungeon Crawl Stone Soup version 0.20-a0-148-gb6cfb21 (webtiles) character file.

631 KristoblXynda the Ducker (level 7, -1/50 HPs)
             Began as a Merfolk Skald on Nov 21, 2016.
             Killed from afar by an orc wizard (6 damage)
             ... with a magic dart
             ... on level 6 of the Dungeon.
             The game lasted 00:10:38 (5454 turns).

KristoblXynda the Ducker (Merfolk Skald)            Turns: 5454, Time: 00:10:39

Health: -1/50      AC:  8    Str: 16 (18) XL:     7   Next: 48%
Magic:  10/10      EV: 14    Int: 12 (13) God:
Gold:   246        SH:  0    Dex: 13      Spells: 4/10 levels left

rFire  . . .     SeeInvis .     a - +0 falchion
rCold  . . .     Gourm    .     b - +0 leather armour
rNeg   . . .     Faith    .     (no shield)
rPois  .         Spirit   .     q - +0 helmet
rElec  .         Reflect  .     (no cloak)
rCorr  .         Harm     .     g - +0 pair of gloves
MR     +....                    u - +2 pair of boots
Stlth  +.........               (no amulet)
                                o - +5 ring of strength
                                s - ring of protection from magic

@: no status effects
A: change form in water, swift swim, stealthy swim
a: no special abilities


You were on level 6 of the Dungeon.
You were not hungry.

You visited 1 branch of the dungeon, and saw 6 of its levels.

You collected 246 gold pieces.

Inventory:

Hand Weapons
 a - a +0 falchion (weapon)
Armour
 b - a +0 leather armour (worn)
 g - a +0 pair of gloves (worn)
 q - a +0 helmet (worn)
 u - a +2 pair of boots (worn)
Jewellery
 o - a +5 ring of strength (right hand)
 s - a ring of protection from magic (left hand)
Scrolls
 h - 2 scrolls of identify
 i - 4 scrolls of remove curse
 l - 3 scrolls of blinking
 m - 3 scrolls of magic mapping
Potions
 e - 2 potions of cure mutation
 j - 3 potions of haste
 x - a potion of agility
Books
 c - a book of Battle

   Spells                             Type                      Level
   a - Infusion                       Charms                       1
   b - Shroud of Golubria             Charms/Translocation         2
   c - Song of Slaying                Charms                       2
   d - Spectral Weapon                Hexes/Charms                 3
   e - Regeneration                   Charms/Necromancy            3
Comestibles
 d - 5 bread rations
 t - a slice of pizza


   Skills:
 - Level 2.1 Fighting
 + Level 5.4 Long Blades
 - Level 1.0 Armour
 + Level 5.5 Dodging
 - Level 2.0 Spellcasting
 - Level 5.3 Charms
   Level 2.2 Evocations


You had 4 spell levels left.
You knew the following spells:

 Your Spells              Type           Power        Failure   Level  Hunger
a - Spectral Weapon       Hex/Chrm       #.......     34%         3    ####...
b - Regeneration          Chrm/Necr      #.........   34%         3    ####...


Dungeon Overview and Level Annotations

Branches:
Dungeon (7/15)
 Temple: D:4-7

Altars:
Fedhas
Nemelex Xobeh


Message History

The orc wizard shouts!
An orc wizard comes into view. It is wielding a dagger.
The orc wizard shouts!
The orc wizard points at you and mumbles some strange words.
You resist with almost no effort.
The orc wizard gestures at you while chanting.
The magic dart hits you!
The orc shouts!
The orc wizard points at you and mumbles some strange words.
The magic dart hits you!
The orc wizard mumbles some strange words.
The orc wizard blinks!
The orc wizard casts a spell.
The orc wizard blinks!
The orc warrior throws a tomahawk.
The tomahawk hits you!
* * * LOW HITPOINT WARNING * * *
You see here a tomahawk.
The orc wizard gestures at you while chanting.
The magic dart hits you!
You die...

.....#.#.#.......#.#.)...........
.....#.#...........#o..<.........
.....#......##...o...............
.....##.......ยง.(#....######.....
.(o..####......o.#....#....+.....
.(...# #...o....#....'....#.....
.....# #...##.(##....#....#.....
#....# #...##........#....###+#.
#....# #.......@.....#....... #.
#....# #.######......#....... +.
#....# #.#..#.#......#....... #.
#....# #....#.#......#....... #.
oo...# ##....#.#......#..).... #.
#..#....#))....# #.
#..######)#.....# ...
#........)#.....# ...
#.........#...o.# ..


You could see an orc wizard and 2 orcs.

Vanquished Creatures
  A phantom (D:6)
  An ogre (D:6)
  A water moccasin skeleton (D:6)
  A howler monkey (D:4)
  A crimson imp (D:4)
  4 orc wizards (D:6)
  A mummy (D:6)
  4 gnolls (D:6)
  5 adders
  4 oozes
  6 worms
  3 dart slugs
  4 leopard geckos
  5 orcs
  4 giant cockroaches
  6 goblins
  5 hobgoblins
  9 jackals
  7 kobolds
  A quokka (D:2)
  2 ball pythons
  11 bats
  6 frilled lizards
  A hobgoblin zombie (D:6)
  2 kobold zombies (D:6)
  An orc zombie (D:6)
  7 rats
103 creatures vanquished.

Notes
Turn   | Place    | Note
-------+----------+-------------------------------------------
     0 | D:1      | KristoblXynda the Merfolk Skald began the quest for the Orb.
     0 | D:1      | Reached XP level 1. HP: 16/16 MP: 3/3
    76 | D:1      | Reached XP level 2. HP: 21/22 MP: 5/5
   151 | D:1      | Reached skill level 1 in Armour
   336 | D:1      | Reached XP level 3. HP: 21/27 MP: 6/6
  1064 | D:1      | Learned a level 3 spell: Regeneration
  1448 | D:2      | Reached XP level 4. HP: 30/33 MP: 7/7
  2203 | D:2      | Learned a level 3 spell: Spectral Weapon
  2250 | D:3      | Found a sparkling altar of Nemelex Xobeh.
  2519 | D:3      | Reached XP level 5. HP: 27/38 MP: 8/8
  3090 | D:3      | Reached skill level 5 in Charms
  3660 | D:4      | Found a blossoming altar of Fedhas.
  3913 | D:4      | Reached XP level 6. HP: 22/44 MP: 9/9
  4147 | D:4      | You fall through a shaft for 3 floors!
  4527 | D:6      | Reached skill level 1 in Evocations
  4573 | D:6      | Noticed a phantom
  4778 | D:6      | Reached XP level 7. HP: 24/50 MP: 10/10
  5125 | D:6      | Reached skill level 5 in Long Blades
  5125 | D:6      | Reached skill level 5 in Dodging
  5454 | D:6      | Killed from afar by an orc wizard

Vault maps used:
D:1:      dpeg_arrival_solitude
D:2:      grunt_decor_one_mirror, serial_bayou_pond_a
D:3:      nicolae_overflow_crystal_walls
D:4:      kennysheep_mini_moat, first_bread, goddamned_bats
D:6:      minmay_misc_feat_more_columns, minmay_mini_ossuary
D:7:      elyvilon_altar_4

Skill      XL: |  1  2  3  4  5  6  7 |
---------------+----------------------+-----
Armour         | 1 |  1.0
Charms         | 4 5 |  5.3
Long Blades    | 3 4 5 |  5.4
Dodging        | 2 3 4 5 |  5.5
Evocations     | 1 2 |  2.2
Fighting       | |  2.1
Spellcasting   | |  2.0

Action                   |  1- 3 |  4- 6 |  7- 9 || total
-------------------------+-------+-------+-------++-------
Melee: Falchion          |   125 |   309 |    50 ||   484
Throw: Javelin           |       |       |     8 ||     8
Evoke: Wand              |       |     8 |       ||     8
  Use: Scroll            |       |    14 |     1 ||    15
       Potion            |       |     7 |       ||     7
 Stab: Sleeping          |     2 |     1 |       ||     3
       Invisible         |       |     3 |       ||     3
  Eat: Royal jelly       |     1 |       |     1 ||     2
       Chunk             |       |     5 |       ||     5
       Beef jerky        |       |     1 |       ||     1
       Meat ration       |       |     1 |       ||     1
Armor: Leather armour    |    38 |   103 |    11 ||   152
       Skin              |       |    19 |     6 ||    25
Dodge: Dodged            |    91 |   213 |    21 ||   325
       Rpst.: Falchion   |    27 |    79 |     4 ||   110
